 Dungeon Crawl Stone Soup version 0.28-a0-1312-g71652a0310 (webtiles) character file.

Game seed: 2760285063062524254

51 geedmat the Ruffian (level 3, -3/23 HPs)
             Began as a Gargoyle Monk on Dec 24, 2021.
             Slain by an orc (4 damage)
             ... on level 3 of the Dungeon on Dec 28, 2021.
             The game lasted 00:06:56 (2321 turns).

geedmat the Ruffian (Gargoyle Monk)                 Turns: 2321, Time: 00:06:58

Health: -3/23      AC:  6    Str: 16    XL:     3   Next: 81%
Magic:  3/3        EV: 12    Int: 10    God:
Gold:   92         SH:  0    Dex: 12    Spells: 2/2 levels left

rFire   . . .      SeeInvis .     - Unarmed
rCold   . . .      Faith    .   (no shield)
rNeg    + . .      Spirit   .   a - +0 robe
rPois   ∞          Reflect  .   (no helmet)
rElec   +          Harm     .   (no cloak)
rCorr   .          Rampage  .   (no gloves)
Will    .....                   h - +0 pair of boots
Stlth   +.........              (no amulet)
HPRegen 0.07/turn               (no ring)
MPRegen 0.08/turn               (no ring)

@: confused
A: sickness immunity, AC +3, negative energy resistance 1, electricity
resistance, torment resistance 1, petrification resistance
a: no special abilities


You were on level 3 of the Dungeon.
You visited 1 branch of the dungeon, and saw 3 of its levels.

You collected 92 gold pieces.

Inventory:

Armour
 a - a +0 robe (worn)
 h - a +0 pair of boots (worn)
Jewellery
 b - a ring of wizardry
Wands
 e - a wand of digging (5)
Scrolls
 f - a scroll of identify {unknown}
Potions
 c - a potion of curing {unknown}
 d - a potion of attraction {unknown}


   Skills:
 - Level 3.2 Fighting
 - Level 2.4 Dodging
 - Level 2.1 Stealth
 * Level 4.6 Unarmed Combat


You had 2 spell levels left.
You didn't know any spells.
Your spell library contained the following spells:

 Spells                   Type           Power      Damage    Failure   Level
 Apportation              Tloc           0%         N/A       36%         1


Dungeon Overview and Level Annotations

Branches:
Dungeon (3/15)

Altars:


Innate Abilities, Weirdness & Mutations

You are immune to sickness and miasma.
Your stone body is resilient. (AC +3)
You are immune to poison.
You resist negative energy. (rN+)
You are resistant to electric shocks. (rElec)
You are resistant to unholy torment.
You are immune to petrification.


Message History

You kill the bat!
You see here a bat corpse.
Found 13 bolts.
You see here 13 bolts.
You see here 13 bolts.
Found a stone staircase leading down.
There is a stone staircase leading down here.
You see here a +0 short sword.
You see here a +0 short sword.
f - a scroll labelled CUNADA WIUN A rat comes into view.
A rat is nearby!
The helpless rat fails to defend itself.
You punch the rat!
You kill the rat!
Found an escape hatch in the floor.
There is an escape hatch in the floor here.
Found 9 bolts.
You see here 9 bolts.
Done exploring.
Done exploring.
There is a stone staircase leading down here.
You climb downwards.
The orc priest shouts!
The orc shouts! x3
Found 6 gold pieces.
There is a stone staircase leading up here.
The orc barely misses you.
You climb upwards.
There is a stone staircase leading down here.
You climb downwards.
The orc wizard points at you and mumbles some strange words.
You are confused.
There is a stone staircase leading up here.
The orc hits you with a +0 short sword.
The orc priest calls down the wrath of Beogh upon you.
Beogh smites you!
Ouch! That really hurt!
* * * LOW HITPOINT WARNING * * *
The orc hits you from afar with a +0 trident.
You die...

## #.# ...
#.#
.$.####.#####
..........o.#
........o...#
............#
.......o....#
......o@.o..#
....#########
.


You could see an orc priest, an orc wizard and 3 orcs.

Vanquished Creatures
  An adder (D:2)
  2 dart slugs (D:2)
  8 bats
  4 endoplasms
  2 giant cockroaches
  2 hobgoblins (D:2)
  4 jackals (D:2)
  2 quokkas
  2 ball pythons
  2 frilled lizards
  2 goblins (D:1)
  3 rats
34 creatures vanquished.

Notes
Turn   | Place    | Note
-------+----------+-------------------------------------------
     0 | D:1      | geedmat the Gargoyle Monk began the quest for the Orb.
     0 | D:1      | Reached XP level 1. HP: 14/14 MP: 1/1
   359 | D:1      | Found a faded altar of an unknown god.
   375 | D:1      | Reached XP level 2. HP: 16/19 MP: 2/2
   383 | D:1      | Got Plato's Incunabulum of Orientation
  1424 | D:2      | Reached skill level 4 in Unarmed Combat
  1516 | D:2      | Reached XP level 3. HP: 23/23 MP: 3/3
  1701 | D:2      | Upgraded the game from 0.28-a0-1234-g826d19b2e0 to
                  | 0.28-a0-1312-g71652a0310
  2321 | D:3      | HP: 1/23 [orc priest/divine providence (17)]
  2321 | D:3      | Slain by an orc

Illustrated notes

Levels and vault maps discovered:
D:1:      nzn_arrival_crosshair, layout_loops_corners,
          shapermc_ecumenical_altar_rom_forum, hangedman_decor_growths
D:2:      layout_loops_ring
D:3:      layout_basic, serial_bayou_pond_a

Skill      XL: |  1  2 |
---------------+-------+-----
Unarmed Combat | 4 |  4.6
Fighting       | |  3.2
Dodging        | |  2.4
Stealth        | |  2.1

Action                   || total
-------------------------++-------
Melee: Unarmed           ||   118
       Punch             ||     3
  Use: Scroll            ||     2
 Stab: Sleeping          ||     7
Armor: Robe              ||    48
Dodge: Dodged            ||    66

Table legend: (Time is in decaauts)
 A = Elapsed time spent in this place.
 B = Non-inter-level travel time spent in this place.
 C = Inter-level travel time spent in this place.
 D = Time resting spent in this place.
 E = Time spent auto-exploring this place.
 F = Levels seen in this place.
 G = Mean time per level.
                   A        B        C        D        E       F      G
               +--------+--------+--------+--------+--------+-----+--------+
         Total |   2312 |   2278 |     34 |    529 |   1305 |   3 |  770.7 |
       Dungeon |   2312 |   2278 |     34 |    529 |   1305 |   3 |  770.7 |
               +--------+--------+--------+--------+--------+-----+--------+

Top non-repeatable levels by time:
     D:1: 1414 daAuts
     D:2: 894 daAuts
     D:3: 3 daAuts
